 Dungeon Crawl Stone Soup version 0.32-a0-450-g080537f31e (webtiles) character file.

Game seed: 18190931762480165406

3021 jasper the Cleaver (level 9, 0/60 HPs)
             Began as a Gargoyle Gladiator on Feb 23, 2024.
             Was a Believer of Beogh.
             Slain by an orc warrior
             ... wielding a +0 halberd
              (1 damage)
             ... on level 7 of the Dungeon.
             The game lasted 00:11:03 (5880 turns).

jasper the Cleaver (Gargoyle Gladiator)             Turns: 5880, Time: 00:11:03

Health: 0/60       AC: 23    Str: 22    XL:     9   Next: 85%
Magic:  12/12      EV:  8    Int:  9    God:    Beogh [**....]
Gold:   78         SH:  0    Dex: 11    Spells: 8/8 levels left

rFire   . . .        a - +0 war axe
rCold   . . .        (no shield)
rNeg    + . .        n - +4 chain mail
rPois   ∞            c - +1 helmet
rElec   +            F - +1 cloak
rCorr   .            (no gloves)
SInv    +            m - +0 pair of boots
Will    .....        k - amulet of the acrobat Stlth
                     r - ring of see invisible
HPRegen 0.30/turn    (no ring)
MPRegen 0.13/turn

%: acrobat
@: no status effects
A: sickness immunity, AC +6, negative energy resistance 1, electricity
resistance, torment resistance 1, petrification resistance
a: Renounce Religion, Smiting


You were on level 7 of the Dungeon.
You worshipped Beogh.
Beogh was pleased with you.
You visited 1 branch of the dungeon, and saw 7 of its levels.

You collected 340 gold pieces.
You spent 262 gold pieces at shops.

Inventory:

Hand Weapons
 a - a +0 war axe (weapon)
 u - a +0 whip of flaming
 y - a +0 war axe
 E - a +1 whip of electrocution
Missiles
 d - 5 throwing nets
 e - a javelin
 h - 16 poisoned darts (quivered)
 p - 47 stones
 t - 8 boomerangs
 B - 5 curare-tipped darts
Armour
 b - a +0 leather armour
 c - a +1 helmet (worn)
 i - a +0 scale mail
 j - a +0 chain mail
 m - a +0 pair of boots (worn)
 n - a +4 chain mail (worn)
 D - a +0 cloak
 F - a +1 cloak (worn)
Jewellery
 k - an amulet of the acrobat (around neck)
 r - a ring of see invisible (left hand)
 C - a ring of wizardry
Wands
 s - a wand of paralysis (10)
Scrolls
 f - 2 scrolls of blinking
 l - 7 scrolls of teleportation
 o - 2 scrolls of immolation
 q - a scroll of butterflies
 x - a scroll of amnesia
Potions
 g - 2 potions of brilliance
 v - a potion of berserk rage {unknown}
 w - 6 potions of curing {unknown}
 z - a potion of haste {unknown}
 A - a potion of lignification {unknown}


   Skills:
 + Level 8.4 Fighting
 * Level 10.0 Axes
 - Level 1.7 Throwing
 - Level 2.4 Dodging
 - Level 4.0 Invocations


You had 8 spell levels left.
You didn't know any spells.
Your spell library contained the following spells:

 Spells                   Type           Power      Damage    Failure   Level
 Kiss of Death            Conj/Necr      0%         2d5       97%         1
 Confusing Touch          Hex            0%         N/A       100%        3
 Dispel Undead            Necr           0%         3d6       100%        4


Dungeon Overview and Level Annotations

Branches:
Dungeon (7/15)             Temple (0/1) D:7

Altars:
Hepliaklqana
Makhleb
Trog
Uskayaw
Vehumet
Xom
Zin

Shops:
D:1 =   D:4 *   D:5 ?


Innate Abilities, Weirdness & Mutations

Your facial features look somewhat orcish.
You are immune to sickness and miasma.
Your stone body is resilient. (AC +6)
You are immune to poison.
You resist negative energy. (rN+)
You are resistant to electric shocks. (rElec)
You are resistant to unholy torment.
You are immune to petrification.


Message History

You take 3 damage, and have 33/60 hp.
You completely miss the orc warrior.
The orc warrior is lightly wounded.
The orc warrior closely misses you.
You hit the orc warrior.
The orc warrior is moderately wounded.
The orc warrior hits you with a +0 halberd.
You take 3 damage, and have 31/60 hp.
You barely miss the orc warrior.
The orc warrior is moderately wounded.
The orc warrior hits you but does no damage.
You slash the orc warrior!
The orc warrior is heavily wounded.
The orc warrior hits you but does no damage.
You hit the orc warrior but do no damage.
The orc warrior is heavily wounded.
The orc warrior hits you with a +0 halberd.
You take 5 damage, and have 27/60 hp.
You hit the orc warrior but do no damage.
The orc warrior is heavily wounded.
The orc warrior hits you but does no damage.
You slash the orc warrior!
The orc warrior is almost dead.
The orc warrior hits you with a +0 halberd.
You take 2 damage, and have 25/60 hp.
You closely miss the orc warrior.
The orc warrior is almost dead.
The orc warrior hits you with a +0 halberd!
* * * LOW HITPOINT WARNING * * *
You take 12 damage, and have 13/60 hp.
You barely miss the orc warrior.
The orc warrior is almost dead.
The orc warrior hits you with a +0 halberd!
* * * LOW HITPOINT WARNING * * *
You take 12 damage, and have 1/60 hp.
You barely miss the orc warrior.
The orc warrior is almost dead.
The orc warrior hits you with a +0 halberd.
You die...
Beogh appreciates the orc warrior's killing of a heretic priest.

#..# ##..###
#...).#
#.###.#########
#.# #.)........
#.# #.#..#####
#.....#....#.###
##.####..#(##..#
#.####....#..@#
#......?[.)##o##
####.#..#)#$#..#.#
#....#.†#)....#
#.#.[#..##...#(#
#.(.#.#..#..#.#..
###.#..###.#.#.).
#...# ##.#.###
#.#.# . .#


You could see an orc warrior.

Vanquished Creatures
  Pikel (D:7)
  Grinder (D:3)
  Menkaure (D:6)
  A steam dragon (D:7)
  Edmund (D:4)
  A water moccasin (D:4)
  A sky beast (D:7)
  An ice beast (D:5)
  A black bear (D:7)
  2 ogres
  A centaur (D:7)
  A lemure (D:7)
  A phantom (D:6)
  A kobold brigand (D:7)
  2 scorpions
  A gnoll sergeant (D:7)
  A wight (D:7)
  4 killer bees (D:5)
  3 bombardier beetles
  2 crimson imps (D:6)
  An orc priest (D:2)
  2 hounds
  2 jellies
  Crazy Yiuf (D:3)
  4 iguanas
  A sleepcap (D:4)
  2 orc wizards
  14 gnolls
  4 adders
  A shadow imp (D:6)
  2 white imps
  2 ufetubi (D:7)
  3 dart slugs
  2 ribbon worms
  6 orcs
  5 endoplasms
  3 giant cockroaches
  5 hobgoblins
  8 jackals
  11 kobolds
  4 quokkas
  7 ball pythons
  6 bats
  3 frilled lizards
  9 goblins
  7 rats
143 creatures vanquished.

Notes
Turn   | Place    | Note
-------+----------+-------------------------------------------
     0 | D:1      | jasper the Gargoyle Gladiator began the quest for the Orb.
     0 | D:1      | Reached XP level 1. HP: 12/12 MP: 1/1
    16 | D:1      | Found Peacris's Jewellery Shoppe.
    52 | D:1      | Reached skill level 3 in Axes
    52 | D:1      | Reached XP level 2. HP: 18/18 MP: 2/2
   268 | D:1      | Reached XP level 3. HP: 22/22 MP: 3/3
   610 | D:2      | Reached XP level 4. HP: 28/28 MP: 4/4
   733 | D:2      | Became a worshipper of Beogh the Shepherd
   752 | D:1      | Reached skill level 4 in Axes
   908 | D:2      | Reached XP level 5. HP: 30/33 MP: 5/5
   990 | D:2      | Found a hazy altar of Hepliaklqana.
  1618 | D:3      | Reached * piety under Beogh
  1673 | D:3      | Noticed Grinder
  1909 | D:4      | Noticed Edmund
  1934 | D:5      | Entered Level 5 of the Dungeon
  1961 | D:5      | Reached skill level 5 in Axes
  1961 | D:5      | Reached XP level 6. HP: 29/38 MP: 6/6
  2096 | D:5      | Reached skill level 5 in Fighting
  2096 | D:5      | Reached skill level 6 in Axes
  2096 | D:5      | Reached XP level 7. HP: 38/44 MP: 7/7
  2242 | D:5      | Found Qaeqysol's Magic Scroll Boutique.
  2264 | D:5      | Bought a scroll of blinking for 112 gold pieces
  2264 | D:5      | Bought a scroll of identify for 30 gold pieces
  2264 | D:5      | Bought a scroll of identify for 30 gold pieces
  3110 | D:6      | Reached skill level 7 in Axes
  3110 | D:6      | Reached XP level 8. HP: 49/51 MP: 8/8
  3122 | D:6      | Noticed Pikel
  3156 | D:7      | Killed Pikel
  3157 | D:7      | Reached skill level 8 in Axes
  3261 | D:6      | Reached ** piety under Beogh
  3365 | D:6      | Identified the flux talisman of the Jabberwock {Will+
                  | rCorr}
  3374 | D:6      | Noticed Menkaure
  3392 | D:6      | Killed Menkaure
  3661 | D:6      | Found a shimmering altar of Xom.
  3873 | D:7      | Reached XP level 9. HP: 49/56 MP: 12/12
  3925 | D:7      | Found a staircase to the Ecumenical Temple.
  4293 | D:5      | Bought a scroll of teleportation for 45 gold pieces
  4293 | D:5      | Bought a scroll of teleportation for 45 gold pieces
  4545 | D:4      | Found Idempoth's General Store.
  4773 | D:4      | Reached skill level 9 in Axes
  4829 | D:4      | Found a radiant altar of Vehumet.
  4829 | D:4      | Found a hide-covered altar of Uskayaw.
  4837 | D:4      | Found a glowing silver altar of Zin.
  4840 | D:4      | Found a burning altar of Makhleb.
  4842 | D:4      | Found a bloodstained altar of Trog.
  5000 | D:4      | Killed Edmund
  5403 | D:3      | Paralysed by Grinder for 3 turns
  5417 | D:3      | Paralysed by Grinder for 4 turns
  5425 | D:3      | Killed Grinder
  5597 | D:3      | Found a runed translucent door.
  5598 | D:3      | Noticed Crazy Yiuf
  5609 | D:3      | Killed Crazy Yiuf
  5838 | D:7      | Reached skill level 10 in Axes
  5879 | D:7      | HP: 1/60 [orc warrior/+0 halberd (12)]
  5880 | D:7      | Slain by an orc warrior

Illustrated notes

Levels and vault maps discovered:
D:1:      scummos_arrival_simple_crosswalls, layout_rooms, serial_shops,
          nicolae_shop_window_shopping
D:2:      layout_rooms, basic_altar
D:3:      layout_basic, moated_statue, uniq_grinder, uniq_crazy_yiuf_cottage
D:4:      layout_layer_cave, chequers_temple_overflow_minitemple, serial_shops,
          shop, uniq_edmund
D:5:      layout_loops_ring, serial_shops, nicolae_shop_statue_plus
D:6:      layout_cave_pools, led_xom_imps, minivault_5, uniq_pikel,
          uniq_menkaure
D:7:      layout_loops_ring, temple_doors_e, minmay_shattered_shrine,
          uniq_duvessa

Skill      XL: |  1  2  3  4  5  6  7  8  9 |
---------------+----------------------------+-----
Axes           | 3 4 5 6 7 8 10 | 10.0
Fighting       | 3 4 5 6 8 |  8.4
Invocations    | 4 |  4.0
Throwing       | |  1.7
Dodging        | |  2.4

Action                     |  1- 3 |  4- 6 |  7- 9 || total
---------------------------+-------+-------+-------++-------
  Melee: War axe           |    66 |   155 |   304 ||   525
  Throw: Throwing net      |     1 |     1 |       ||     2
         Dart              |    10 |    22 |     8 ||    40
         Javelin           |       |     1 |       ||     1
 Invoke: Convert to Beogh  |       |     1 |       ||     1
    Use: Potion            |       |     1 |       ||     1
         Scroll            |       |       |     8 ||     8
   Stab: Held in net/web   |     1 |     1 |       ||     2
 Armour: Scale mail        |    44 |       |       ||    44
         Leather armour    |     6 |       |       ||     6
         Chain mail        |     7 |   157 |   273 ||   437
  Dodge: Dodged            |    42 |   135 |   148 ||   325

Table legend: (Time is in decaauts)
 A = Elapsed time spent in this place.
 B = Non-inter-level travel time spent in this place.
 C = Inter-level travel time spent in this place.
 D = Time resting spent in this place.
 E = Time spent auto-exploring this place.
 F = Levels seen in this place.
 G = Mean time per level.
                   A        B        C        D        E       F      G
               +--------+--------+--------+--------+--------+-----+--------+
         Total |   5951 |   5480 |    471 |    770 |   3324 |   7 |  850.1 |
       Dungeon |   5951 |   5480 |    471 |    770 |   3324 |   7 |  850.1 |
               +--------+--------+--------+--------+--------+-----+--------+

Top non-repeatable levels by time:
     D:4: 1188 daAuts
     D:5: 1051 daAuts
     D:6: 849 daAuts
     D:3: 797 daAuts
     D:1: 732 daAuts
     D:2: 694 daAuts
     D:7: 638 daAuts
